 Dungeon Crawl Stone Soup version 0.21-a0-531-gacddea6 (webtiles) character file.

198 slep the Chopper (level 5, -7/39 HPs)
             Began as a Demonspawn Gladiator on Dec 13, 2017.
             Killed by divine providence
             ... invoked by an orc priest
              (14 damage)
             ... on level 4 of the Dungeon.
             The game lasted 00:09:35 (2211 turns).

slep the Chopper (Demonspawn Gladiator)             Turns: 2211, Time: 00:09:35

Health: -7/39      AC:  5    Str: 12 (15) XL:     5   Next: 47%
Magic:  5/5        EV: 15    Int:  7 (9)  God:
Gold:   203        SH:  3    Dex: 13 (15) Spells: 4/4 levels left

rFire    . . .     SeeInvis .   a - +0 war axe
rCold    . . .     Gourm    .   e - +0 buckler
rNeg     . . .     Faith    .   y - +2 robe {MR+}
rPois    .         Spirit   .   (helmet restricted)
rElec    .         Reflect  .   u - +0 cloak
rCorr    .         Harm     .   (no gloves)
MR       +....                  (no boots)
Stlth    +.........             (no amulet)
HPRegen  0.13/turn              o - +3 ring of evasion
MPRegen  0.09/turn              (no ring)

@: drained
A: horns 1, sturdy frame 1
a: no special abilities


You were on level 4 of the Dungeon.
You were hungry.

You visited 1 branch of the dungeon, and saw 4 of its levels.

You collected 203 gold pieces.

Inventory:

Hand Weapons
 a - a +0 war axe (weapon)
Missiles
 d - 4 throwing nets (quivered)
 s - 3 silver tomahawks
Armour
 b - a +0 leather armour
 c - a +0 helmet
 e - a +0 buckler (worn)
 m - a +0 ring mail
 u - a +0 cloak (worn)
 y - a +2 robe of magic resistance (worn)
Jewellery
 l - an uncursed amulet of harm
 o - a +3 ring of evasion (left hand)
Wands
 x - a wand of iceblast (14)
Scrolls
 g - 6 scrolls of identify {unknown}
 j - a scroll of amnesia {unknown}
 k - a scroll of teleportation {unknown}
 n - a scroll of random uselessness {unknown}
 p - 5 scrolls of remove curse {unknown}
 v - 2 scrolls of fear {unknown}
 w - a scroll of fog {unknown}
 A - a scroll of enchant armour {unknown}
Potions
 i - a potion of degeneration
 r - 3 potions of heal wounds
 t - 2 potions of haste {unknown}
Comestibles
 f - 4 bread rations
 h - a meat ration
 z - 2 chunks of flesh


   Skills:
 + Level 2.6(2.2) Fighting
 + Level 4.3(3.8) Axes
 + Level 1.8(1.4) Throwing
 + Level 1.0(0.6) Armour
 + Level 3.8(3.3) Dodging
 + Level 0.3(0.0) Stealth
 + Level 0.3(0.0) Shields


You had 4 spell levels left.
You didn't know any spells.

Dungeon Overview and Level Annotations

Branches:
Dungeon (4/15)
 Temple: D:4-7

Altars:
Vehumet


Innate Abilities, Weirdness & Mutations

You have a pair of small horns on your head.
Your movements are slightly less encumbered by armour. (ER -2)


Message History

Beogh smites you!
* * * LOW HITPOINT WARNING * * *
The orc wizard misses you.
It was a potion of heal wounds.
You feel much better.
The orc wizard gestures at you while chanting.
The puff of flame hits you!
You closely miss the orc wizard.
The orc wizard is moderately wounded.
The orc wizard hits you but does no damage.
You closely miss the orc wizard. You headbutt the orc wizard.
The orc wizard is heavily wounded.
The orc wizard points at you and mumbles some strange words.
The puff of frost hits you!
* * * LOW HITPOINT WARNING * * *
You closely miss the orc wizard.
The orc wizard is heavily wounded.
The orc wizard completely misses you.
The orc priest invokes the aid of Beogh against you.
Beogh smites you!
You die...

. ....#########
#....<..<.####
#########.##.##
##.#.$.##
#.......#
##.#...##
####.## #@# #o#


oo. .#.## .##.# ## #.# #.# ..# You could see 2 orc priests and an orc wizard.

Vanquished Creatures
  A hound zombie (D:3)
  3 gnolls (D:2)
  7 adders
  2 oozes
  3 worms
  A dart slug (D:1)
  A leopard gecko (D:3)
  3 orcs (D:3)
  4 giant cockroaches
  11 goblins
  11 hobgoblins
  4 jackals (D:2)
  2 ball pythons
  7 bats
  3 frilled lizards
  4 kobolds
  6 rats
73 creatures vanquished.

Notes
Turn   | Place    | Note
-------+----------+-------------------------------------------
     0 | D:1      | slep the Demonspawn Gladiator began the quest for the Orb.
     0 | D:1      | Reached XP level 1. HP: 16/16 MP: 1/1
   132 | D:1      | Gained mutation: You have a pair of small horns on your head. [demonic ancestry]
   132 | D:1      | Reached XP level 2. HP: 19/22 MP: 2/2
   134 | D:1      | Reached skill level 3 in Axes
   530 | D:1      | Gained mutation: Your movements are slightly less encumbered by armour. (ER -2) [demonic ancestry]
   530 | D:1      | Reached XP level 3. HP: 27/27 MP: 3/3
   862 | D:2      | Found a faded altar of an unknown god.
   870 | D:2      | Became a worshipper of Vehumet
   870 | D:2      | Reached * piety under Vehumet
   870 | D:2      | Offered knowledge of Sandblast by Vehumet.
   880 | D:2      | Reached XP level 4. HP: 33/33 MP: 4/4
   887 | D:2      | Fell from the grace of Vehumet
  1149 | D:2      | Reached skill level 4 in Axes
  1434 | D:3      | Reached XP level 5. HP: 16/39 MP: 5/5
  2073 | D:3      | Reached skill level 1 in Armour
  2211 | D:4      | Killed from afar by an orc priest

Vault maps used:
D:1:      erik_arrival_cave_to_civilisation
D:2:      chequers_ecumenical_altar_simple
D:3:      minmay_cut_off
D:4:      minmay_temple_entry_poolview, nicolae_ossuary_entry_ruins,
          gup_sewer_entry_spiral, moated_statue

Skill      XL: |  1  2  3  4  5 |
---------------+----------------+-----
Dodging        | 3 |  3.8
Axes           | 3 4 |  4.3
Armour         | 1 |  1.0
Fighting       | |  2.6
Throwing       | |  1.8
Stealth        | |  0.3
Shields        | |  0.3

Action                   |  1- 3 |  4- 6 || total
-------------------------+-------+-------++-------
Melee: War axe           |    97 |   108 ||   205
       Headbutt          |    15 |    22 ||    37
Invok: Renounce Religion |       |     1 ||     1
  Use: Potion            |       |     3 ||     3
  Eat: Chunk             |       |     4 ||     4
Armor: Leather armour    |    17 |       ||    17
       Ring mail         |    32 |    23 ||    55
       Robe              |       |     4 ||     4
Dodge: Dodged            |   105 |    90 ||   195
Block: Buckler           |    13 |    11 ||    24

Table legend:
 A = Spawn XP
 B = Non-spawn XP
 C = Spawn XP percentage of total XP
 D = Spawn monster count
 E = Non-spawn monster count
 F = Spawn count percentage of total count
 G = Total turns spent on level
                    A         B        C        D         E        F      G
               +---------+---------+-------+---------+---------+-------+---------
         Total |       0 |     284 |   0.0 |       0 |      73 |   0.0 |  2211
               +---------+---------+-------+---------+---------+-------+---------
           D:1 |       0 |      44 |   0.0 |       0 |      22 |   0.0 |   724
           D:2 |       0 |     132 |   0.0 |       0 |      24 |   0.0 |   665
           D:3 |       0 |     108 |   0.0 |       0 |      27 |   0.0 |   798
               +---------+---------+-------+---------+---------+-------+---------
